 Dungeon Crawl Stone Soup version 0.29.1 (webtiles) character file.

Game seed: 12421737459752209740

98 raistware the Conjurer (level 4, -5/27 HPs)
             Began as an Octopode Conjurer on Sept 12, 2022.
             Slain by a gnoll
             ... wielding a +0 flail
              (7 damage)
             ... on level 3 of the Dungeon.
             The game lasted 00:02:53 (2432 turns).

raistware the Conjurer (Octopode Conjurer)          Turns: 2432, Time: 00:02:54

Health: -5/27      AC:  1    Str:  6    XL:     4   Next: 69%
Magic:  0/9        EV: 13    Int: 22    God:
Gold:   117        SH:  0    Dex: 10    Spells: 4/10 levels left

rFire   . . .      SeeInvis +   h - +1 dagger (venom)
rCold   . . .      Faith    .   (no shield)
rNeg    . . .      Spirit   .   (helmet restricted)
rPois   .          Reflect  .   (no amulet)
rElec   .          Harm     .   e - ring of see invisible
rCorr   +          Rampage  .   m - ring of resist corrosion
Will    .....                   (no ring)
Stlth   +++.......              (no ring)
HPRegen 0.09/turn               (no ring)
MPRegen 0.11/turn               (no ring)
                                (no ring)
                                (no ring)

@: no status effects
A: almost no armour, amphibious, 8 rings, camouflage 1, gelatinous body 1,
(nimble swimmer 1), tentacles
a: no special abilities


You were on level 3 of the Dungeon.
You visited 1 branch of the dungeon, and saw 3 of its levels.

You collected 117 gold pieces.

Inventory:

Hand Weapons
 h - a +1 dagger of venom (weapon)
Missiles
 d - 4 javelins
 k - 6 poisoned darts
Jewellery
 e - a ring of see invisible (left tentacle)
 m - a ring of resist corrosion (right tentacle)
Scrolls
 b - a scroll of teleportation {unknown}
 f - a scroll of fear {unknown}
 g - a scroll of enchant armour {unknown}
 j - 5 scrolls of identify {unknown}
Potions
 a - a potion of magic
 c - a potion of might {unknown}
 i - a potion of berserk rage {unknown}
 l - a potion of curing {unknown}


   Skills:
 - Level 2.0 Dodging
 - Level 2.6 Stealth
 + Level 3.9 Spellcasting
 - Level 4.0 Conjurations
 - Level 2.0 Translocations


You had 4 spell levels left.
You knew the following spells:

 Your Spells              Type           Power      Damage    Failure   Level
a - Magic Dart            Conj           84%        1d7       2%          1
b - Iskenderun's Mystic   Conj/Tloc      17%        2d5       32%         4
z - Apportation           Tloc           26%        N/A       4%          1

Your spell library contained the following spells:

 Spells                   Type           Power      Damage    Failure   Level
 Searing Ray              Conj           42%        2d6       3%          2
 Necrotise                Necr           16%        1d4       12%         1
 Summon Small Mammal      Summ           16%        N/A       12%         1
 Dazzling Flash           Conj/Hex       26%        N/A       16%         3
 Fulminant Prism          Conj/Hex       6%         3d7       45%         4


Dungeon Overview and Level Annotations

Branches:
Dungeon (3/15)

Altars:
Dithmenos


Innate Abilities, Weirdness & Mutations

You cannot wear most types of armour.
You are amphibious.
You can wear up to eight rings at the same time.
Your skin changes colour to match your surroundings (Stealth+).
Your rubbery body absorbs attacks. (AC +1, EV +1)
((You are camouflaged when in or above water. (Stealth+)))
You have tentacles for arms and can constrict up to eight enemies at once.


Message History

Casting: Magic Dart (safe; 2% risk of failure)
Confirm with . or Enter, or press ? or * to list all spells.
Aiming: Magic Dart (safe; 2% risk of failure)
Press: ? - help, Shift-Dir - straight line, f - gnoll
Aim: a gnoll, wielding a +0 flail (100% to hit)
The magic dart hits the gnoll.
The gnoll is lightly wounded.
Casting: Magic Dart (safe; 2% risk of failure)
Confirm with . or Enter, or press ? or * to list all spells.
Aiming: Magic Dart (safe; 2% risk of failure)
Press: ? - help, Shift-Dir - straight line, f/p - gnoll
Aim: a gnoll, wielding a +0 flail (lightly wounded, 100% to hit)
The magic dart hits the gnoll.
The gnoll is heavily wounded.
The gnoll misses you.
Casting: Magic Dart (safe; 2% risk of failure)
Confirm with . or Enter, or press ? or * to list all spells.
Aiming: Magic Dart (safe; 2% risk of failure)
Press: ? - help, Shift-Dir - straight line, f/p - gnoll
Aim: a gnoll, wielding a +0 flail (heavily wounded, 100% to hit)
The magic dart hits the gnoll but does no damage.
The gnoll is heavily wounded.
The gnoll hits you with a +0 flail!
Casting: Magic Dart (safe; 2% risk of failure)
Confirm with . or Enter, or press ? or * to list all spells.
Aiming: Magic Dart (safe; 2% risk of failure)
Press: ? - help, Shift-Dir - straight line, f/p - gnoll
Aim: a gnoll, wielding a +0 flail (heavily wounded, 100% to hit)
The magic dart hits the gnoll but does no damage.
The gnoll is heavily wounded.
The gnoll barely misses you.
You hit the gnoll.
The gnoll is poisoned.
Your grab misses the gnoll.
The gnoll is almost dead.
The gnoll hits you with a +0 flail!
* * * LOW HITPOINT WARNING * * *
You barely miss the gnoll. You grab the gnoll.
The gnoll is almost dead.
You constrict the gnoll, but do no damage.
The gnoll hits you with a +0 flail!
You die...

.########.#.....#.#
.########.....)...###
............<.......#
.########...†....)#.#
#...........#.# #
#.###.#.†..##.# #.#
#.........#
###.####.#
###.#.#####
.....)g@.# ##....#
.##.###### #.###.####
#. #....##.#
#.###.#.....#
#######.......####
.......<..........
#..........#....#.
#...######.##...# ###
##...#.#


You could see a gnoll (very poisoned).

Vanquished Creatures
  A gnoll (D:3)
  4 adders (D:2)
  3 dart slugs
  3 ball pythons
  3 endoplasms (D:1)
  4 giant cockroaches
  5 goblins
  7 hobgoblins
  A quokka (D:2)
  3 bats
  3 frilled lizards
  4 kobolds
  4 rats
45 creatures vanquished.

Notes
Turn   | Place    | Note
-------+----------+-------------------------------------------
     0 | D:1      | raistware the Octopode Conjurer began the quest for the
                  | Orb.
     0 | D:1      | Reached XP level 1. HP: 11/11 MP: 3/3
   360 | D:1      | Reached XP level 2. HP: 17/17 MP: 5/5
  1188 | D:1      | Reached XP level 3. HP: 21/21 MP: 1/7
  1299 | D:1      | Learned a level 1 spell: Apportation
  1619 | D:2      | Reached skill level 1 in Translocations
  1763 | D:2      | Found a shadowy altar of Dithmenos.
  1798 | D:2      | Reached XP level 4. HP: 27/27 MP: 2/9
  2020 | D:2      | Learned a level 4 spell: Iskenderun's Mystic Blast
  2432 | D:3      | Slain by a gnoll

Illustrated notes

Levels and vault maps discovered:
D:1:      amcnicky_arrival_double_pillar, layout_basic, st_stairs_12
D:2:      layout_rooms, basic_altar, chequers_avenue, hangedman_decor_push
D:3:      layout_loops_ring, nicolae_overflow_crystal_walls,
          mainiacjoe_overflow_tiny_flanked, chequers_ecumenical_altar_twisty,
          ebering_ghost_disaster_area, chequers_serial_rivers_micro_c,
          hangedman_decor_points, hangedman_glass_teeth, uniq_crazy_yiuf_cottage

Skill      XL: |  1  2  3  4 |
---------------+-------------+-----
Spellcasting   | 3 |  3.9
Translocations | 1 2 |  2.0
Dodging        | |  2.0
Stealth        | |  2.6
Conjurations   | |  4.0

Action                   |  1- 3 |  4- 6 || total
-------------------------+-------+-------++-------
Melee: Unarmed           |    23 |       ||    23
       Constrict         |     5 |     3 ||     8
       Tentacles         |     4 |       ||     4
       Dagger            |     1 |     9 ||    10
       Punch             |       |     1 ||     1
 Cast: Magic Dart        |    65 |    31 ||    96
 Stab: Sleeping          |     1 |     1 ||     2
Armor: Skin              |     5 |       ||     5
Dodge: Dodged            |    19 |     7 ||    26
